 Dungeon Crawl Stone Soup version 0.26.1-2-gb8aa6d0cf2 (webtiles) character file.

Game seed: 15356806783159821524

170 windgrace the Ruffian (level 5, -8/54 HPs)
             Began as a Troll Berserker on Feb 12, 2021.
             Was a Believer of Trog.
             Mangled by Hehehe's ghost (13 damage)
             ... on level 3 of the Dungeon.
             The game lasted 00:05:29 (1852 turns).

windgrace the Ruffian (Troll Berserker)             Turns: 1852, Time: 00:05:30

Health: -8/54      AC:  6    Str: 26    XL:     5   Next: 26%
Magic:  4/4        EV: 10    Int:  3    God:    Trog [**....]
Gold:   182        SH:  0    Dex:  9    Spells: 4/4 levels left

rFire    + . .     SeeInvis .     - Unarmed
rCold    . . .     Faith    .   (no shield)
rNeg     . . .     Spirit   .   a - +0 animal skin
rPois    .         Reflect  .   (helmet restricted)
rElec    .         Harm     .   (no cloak)
rCorr    .         Rampage  .   (gloves unavailable)
Will     .....                  (boots unavailable)
Stlth    +.........             (no amulet)
HPRegen  0.58/turn              g - ring of protection from fire
MPRegen  0.09/turn              (no ring)

@: berserk cooldown, flying, slowed, very slow
A: large, unfitting armour, claws 3, regeneration 1, shaggy fur 1, tough skin 3
a: Renounce Religion, Berserk, Trog's Hand


You were on level 3 of the Dungeon.
You worshipped Trog.
Trog was pleased with you.
You visited 1 branch of the dungeon, and saw 3 of its levels.

You collected 182 gold pieces.

Inventory:

Armour
 a - a +0 animal skin (worn)
Jewellery
 g - a ring of protection from fire (left claw)
Scrolls
 b - a scroll of fog {unknown}
 d - a scroll of remove curse {unknown}
 e - 3 scrolls of teleportation {unknown}
 f - 3 scrolls of immolation {unknown}
Potions
 h - a potion of curing {unknown}


   Skills:
 + Level 3.6 Fighting
 - Level 3.0 Dodging
 + Level 4.5 Unarmed Combat


You had 4 spell levels left.
You didn't know any spells.
Your spell library was empty.

Dungeon Overview and Level Annotations

Branches:
Dungeon (3/15)

Altars:
Ru

Annotations:
D:3 Hehehe's ghost, amateur DDFi


Innate Abilities, Weirdness & Mutations

You are too large for most types of armour.
You have claws for hands.
Your natural rate of healing is unusually fast.
You are covered in fur. (AC +1)
You have extremely tough skin. (AC +3)


Message History

Hehehe's ghost is severely damaged.
The worker ant simulacrum barely misses you.
Hehehe's ghost hits you.
You scratch Hehehe's ghost.
Hehehe's ghost is almost destroyed.
The worker ant simulacrum barely misses you.
Hehehe's ghost hits you!
* * * LOW HITPOINT WARNING * * *
It was a potion of flight.
You feel very buoyant.
You fly up into the air.
The worker ant simulacrum bites you but does no damage.
Hehehe's ghost hits you.
* * * LOW HITPOINT WARNING * * *
The worker ant simulacrum bites you.
* * * LOW HITPOINT WARNING * * *
The worker ant simulacrum freezes you.
* * * LOW HITPOINT WARNING * * *
Hehehe's ghost hits you!
You die...

#..##.........#....>#†#####
#..#..........##..###....##
#)##....####...#..# ####... .
#.#...###$ ##..##.###......
(######(#..##... ##..#...#.#####
.?..##..#..#...= #..#.#...#
.....#(##..#...Z ##..#.##..#
..††...# ......W###..##.#...#
..†....##......Z@....#....#.#
........###..####...##.#.##..#
......#...####..#####.....##..#
#...#.$.#..........†..##..# #..#
#######.<..........##..........J.
####.#######.##.########### #.#
##....# ####.# #...#####
###....######.#.......


You could see Hehehe's ghost, an adder simulacrum and a worker ant simulacrum.

Vanquished Creatures
  Natasha (D:2)
  4 gnolls (D:3)
  3 adders (D:2)
  3 oozes
  2 worms
  An adder simulacrum (D:3)
  A leopard gecko (D:2)
  4 giant cockroaches
  7 hobgoblins
  7 jackals
  4 kobolds
  A quokka (D:3)
  4 ball pythons
  5 bats
  A giant cockroach simulacrum (D:3)
  4 goblins
  A leopard gecko simulacrum (D:3)
  8 rats
61 creatures vanquished.

Notes
Turn   | Place    | Note
-------+----------+-------------------------------------------
     0 | D:1      | windgrace the Troll Berserker began the quest for the Orb.
     0 | D:1      | Reached XP level 1. HP: 22/22 MP: 0/0
   205 | D:1      | Reached XP level 2. HP: 28/29 MP: 1/1
  1013 | D:2      | Reached XP level 3. HP: 36/36 MP: 2/2
  1153 | D:2      | Noticed Natasha
  1160 | D:2      | Killed Natasha
  1161 | D:2      | Reached XP level 4. HP: 39/45 MP: 3/3
  1206 | D:2      | Reached skill level 4 in Unarmed Combat
  1208 | D:2      | Reached ** piety under Trog
  1577 | D:3      | Reached XP level 5. HP: 53/53 MP: 4/4
  1629 | D:3      | Found a sacrificial altar of Ru.
  1802 | D:3      | Found a runed translucent gate.
  1802 | D:3      | Found a runed translucent gate.
  1802 | D:3      | Found a runed translucent gate.
  1842 | D:3      | Noticed Hehehe's ghost (amateur DDFi)
  1852 | D:3      | Mangled by Hehehe's ghost

Illustrated notes

Levels and vault maps discovered:
D:1:      evilmike_arrival_hilbert_curve, layout_basic, minivault_26
D:2:      layout_loops_ring, st_stairs_6, uniq_natasha
D:3:      layout_rooms, nicolae_ru_awakened_eye, gammafunk_ghost_icy,
          minmay_crystal_room

Skill      XL: |  1  2  3  4 |
---------------+-------------+-----
Dodging        | 3 |  3.0
Fighting       | 3 |  3.6
Unarmed Combat | 4 |  4.5

Action                   |  1- 3 |  4- 6 || total
-------------------------+-------+-------++-------
Melee: Unarmed           |    71 |    84 ||   155
       Punch             |       |     1 ||     1
Invok: Berserk           |       |     3 ||     3
  Use: Potion            |       |     1 ||     1
 Stab: Sleeping          |     1 |       ||     1
Armor: Animal skin       |    24 |    38 ||    62
Dodge: Dodged            |    36 |    53 ||    89
